Map: [ESL] Royal Blood

Players

MarsBar

  • Race: Zerg Zerg
  • Spawn Location: 1:00

ShaDoWn - Winner!

  • Race: Protoss Protoss
  • Spawn Location: 7:00

Event: ESL SC2 Masters 2023 Summer (Finals)

VOD

Have the link to the VOD?

Description

Time

  • Played on: June 16, 2023, 5:13 a.m.
  • Length: 7:25

All games in this series

Show
View Real Time Build Order
Export as new Build Order

MarsBar Zerg 

Build Orders: Pool Only, Swarm Host 

Get SALT Encoding   

  12  0:00  Drone  
  13  0:08  Drone  
  14  0:17  Extractor  
  14  0:18  Drone  
  14  0:32  Spawning Pool  
  14  0:35  Drone  
  14  0:48  Overlord  
  14  1:06  Drone  
  15  1:20  Zergling x6  
  15  1:21  Queen  
  20  1:33  Zergling x2  
  21  1:43  Zergling x2  
  22  1:52  Overlord  
  22  1:58  Lair  
  22  2:02  Extractor  
  22  2:05  Drone  
  22  2:19  Drone  
  22  2:36  Overlord  
  22  2:51  Drone x3  
  25  2:55  Infestation Pit  
  25  2:57  Queen  
  26  3:02  Nydus Network  
  25  3:12  Drone x2  
  27  3:26  Overlord  
  27  3:32  Swarm Host  
  30  3:40  Swarm Host  
  33  3:45  Swarm Host  
  35  3:56  Swarm Host  
  37  4:08  Nydus Canal  
  37  4:25  Swarm Host  
  37  4:37  Drone  
  37  4:38  Drone x2  
  38  4:49  Drone  
  39  5:00  Swarm Host  
  42  5:11  Drone  
  41  5:25  Drone x3  
  44  5:41  Nydus Canal  
  44  5:49  Overlord x2  
  44  5:51  Queen, Spine Crawler  
  28  6:42  Extractor  
Show
View Real Time Build Order
Export as new Build Order

ShaDoWn Protoss - Winner!

Build Orders: 1 Gate Expand, Blink Stalkers 

Get SALT Encoding   

  12  0:00  Probe  
  13  0:12  Probe  
  14  0:20  Pylon  
  14  0:24  Probe  
  15  0:38  Probe (Chrono Boost)  
  15  0:39  Gateway  
  16  0:47  Probe (Chrono Boost)  
  17  0:51  Assimilator  
  17  0:52  Probe  
  18  1:04  Probe  
  19  1:16  Probe  
  20  1:24  Nexus  
  20  1:32  Cybernetics Core  
  20  1:39  Zealot (Chrono Boost)  
  22  1:45  Pylon  
  22  1:49  Probe  
  23  2:03  Probe  
  23  2:06  Adept (Chrono Boost)  
  24  2:09  Warp Gate (Chrono Boost)  
  26  2:15  Probe  
  27  2:24  Assimilator  
  27  2:27  Adept (Chrono Boost)  
  27  2:28  Probe  
  30  2:35  Probe, Shield Battery  
  31  2:40  Probe  
  32  2:47  Probe  
  32  2:49  Gateway  
  33  2:52  Probe  
  33  2:54  Stalker (Chrono Boost)  
  35  3:00  Probe  
  35  3:04  Probe  
  37  3:06  Gateway  
  37  3:12  Probe  
  38  3:15  Pylon  
  38  3:16  Probe  
  39  3:24  Probe  
  40  3:28  Probe  
  40  3:29  Twilight Council  
  41  3:36  Probe  
  41  3:37  Pylon  
  42  3:41  Probe  
  42  3:48  Probe  
  44  3:53  Probe  
  44  3:54  Stalker x2  
  49  3:58  Blink (Chrono Boost), Pylon  
  49  4:04  Shield Battery  
  49  4:07  Stalker  
  51  4:16  Probe  
  52  4:17  Stalker  
  52  4:20  Probe  
  52  4:23  Assimilator  
  55  4:28  Probe  
  56  4:32  Probe  
  56  4:34  Stalker x2  
  61  4:40  Probe  
  61  4:43  Pylon  
  61  4:44  Probe  
  61  4:50  Stalker  
  63  4:54  Pylon  
  63  4:56  Probe  
  64  5:00  Stalker x2  
  68  5:13  Gateway  
  68  5:14  Stalker  
  70  5:25  Stalker x2  
  74  5:29  Probe  
  75  5:43  Nexus  
  75  5:44  Pylon, Stalker  
  75  5:48  Stalker x2  
  81  5:50  Pylon  
  81  5:54  Probe x2  
  83  6:06  Probe  
  83  6:08  Probe  
  83  6:11  Stalker x4  
  89  6:18  Probe  
  92  6:26  Cybernetics Core  
  92  6:32  Probe  
  93  6:40  Probe, Gateway  
  93  6:42  Gateway  
  93  6:44  Probe, Gateway  
  94  6:52  Probe  
  95  6:57  Probe  
  96  7:02  Probe  
  96  7:07  Stalker x4  
  105  7:10  Probe  
  105  7:11  Probe  
Tags
 
Add a new tag
Caveats
  • Supply blocks, unpowered buildings, or Contaminate may cause inaccurate times.
  • Supply counts are checked every 10 seconds.